Map: Zen LE

Players

prospeKt - Winner!

  • Race: Zerg Zerg
  • League: Platinum
  • Spawn Location: 7:00

knuttie

  • Race: Terran Terran
  • League: Platinum
  • Spawn Location: 1:00

VOD

Have the link to the VOD?

Description

Time

  • Played on: June 2, 2020, 10:56 a.m.
  • Length: 15:23
Show
View Real Time Build Order
Export as new Build Order

prospeKt Zerg - Winner!

Build Orders: Hatch First 

Get SALT Encoding   

  12  0:00  Drone  
  13  0:12  Overlord  
  13  0:24  Drone  
  14  0:30  Drone x2  
  14  0:35  Drone  
  17  0:54  Hatchery  
  17  0:55  Drone  
  17  1:00  Drone  
  18  1:13  Spawning Pool  
  18  1:16  Drone  
  18  1:19  Extractor  
  18  1:20  Drone  
  18  1:29  Drone  
  19  1:42  Drone  
  20  1:50  Drone  
  22  2:01  Drone  
  22  2:06  Queen x2  
  22  2:08  Drone  
  27  2:11  Overlord  
  27  2:20  Drone  
  28  2:32  Drone x2  
  30  2:38  Drone  
  30  2:42  Lair, Queen  
  33  2:46  Drone x2  
  33  2:50  Overlord  
  35  2:54  Drone  
  36  3:07  Hatchery  
  36  3:09  Overlord  
  36  3:11  Drone  
  36  3:17  Drone  
  36  3:18  Drone x2  
  36  3:19  Drone  
  40  3:22  Drone  
  41  3:28  Drone x2  
  41  3:29  Drone  
  44  3:38  Evolution Chamber  
  44  3:40  Roach Warren, Drone  
  43  3:43  Overlord  
  43  3:53  Drone x5  
  48  3:58  Drone  
  48  3:59  Drone x2  
  48  4:00  Extractor  
  48  4:01  Extractor  
  49  4:10  Drone x3  
  52  4:22  Drone x2  
  52  4:23  Drone  
  55  4:25  Roach  
  55  4:27  Zerg Missile Weapons Level 1, Glial Reconstitution  
  58  4:38  Drone x5  
  58  4:43  Roach x2  
  58  4:45  Overlord  
  66  5:09  Roach  
  66  5:10  Roach x3  
  66  5:12  Overlord x2  
  74  5:27  Hatchery  
  73  5:33  Overlord  
  73  5:35  Drone x10  
  83  5:55  Drone x10  
  93  5:58  Hydralisk Den  
  93  6:01  Evolution Chamber  
  91  6:13  Roach x3  
  97  6:21  Zerg Ground Armor Level 1  
  97  6:24  Extractor  
  97  6:25  Extractor  
  95  6:29  Hydralisk  
  97  6:38  Drone  
  98  6:45  Hydralisk x3  
  104  6:47  Overlord x4  
  104  6:53  Hatchery  
  103  6:54  Hydralisk  
  103  6:55  Hatchery  
  103  6:58  Zerg Missile Weapons Level 2  
  103  7:00  Grooved Spines  
  104  7:03  Infestation Pit  
  103  7:12  Hydralisk x2  
  103  7:13  Hydralisk x5  
  117  7:30  Hydralisk x3  
  123  7:44  Hydralisk  
  123  7:45  Hydralisk x3  
  125  8:16  Drone x12  
  125  8:17  Drone x5  
  125  8:18  Hydralisk x3  
  148  8:20  Overlord x4  
  148  8:38  Spore Crawler  
  148  8:39  Extractor x2  
  145  8:43  Spore Crawler  
  145  8:44  Spore Crawler  
  145  8:45  Spore Crawler  
  142  8:48  Spine Crawler  
  142  8:49  Hydralisk x12  
  142  8:50  Hydralisk x3  
  142  8:51  Spine Crawler, Overlord, Spore Crawler  
  142  8:52  Overlord x3  
  169  9:01  Drone  
  169  9:02  Drone x2  
  172  9:04  Drone x2  
  172  9:08  Drone x4  
  178  9:14  Hydralisk x2  
  178  9:15  Hydralisk  
  178  9:16  Hydralisk x4  
  192  9:19  Hydralisk x2  
  196  9:33  Hatchery  
  196  9:34  Hydralisk x2  
  196  9:35  Hatchery  
  196  9:38  Drone  
  199  9:47  Drone  
  194  9:54  Hydralisk x4  
  194  9:59  Hatchery  
  189  10:02  Zerg Ground Armor Level 2  
  189  10:04  Hive  
  189  10:06  Hydralisk x4  
  195  10:21  Drone  
  196  10:38  Extractor  
  196  10:39  Extractor  
  196  10:41  Hydralisk x13  
  150  10:51  Hydralisk x4  
  130  11:04  Hydralisk x2  
  130  11:05  Hydralisk x3  
  138  11:13  Hydralisk x2  
  142  11:28  Zerg Missile Weapons Level 3  
  142  11:38  Hydralisk x5  
  142  11:39  Hydralisk x5  
  156  11:58  Hydralisk x4  
  156  11:59  Hydralisk x6  
  156  12:00  Hatchery, Unknown  
  174  12:09  Hatchery x2  
  174  12:13  Drone x2  
  174  12:14  Drone x2  
  174  12:15  Drone  
  173  12:20  Hydralisk x10  
  182  12:38  Hydralisk  
  182  12:39  Hydralisk x8  
  196  13:07  Hatchery  
  195  13:24  Hatchery  
  188  13:33  Hydralisk x7  
  200  13:41  Hydralisk x9  
  174  13:59  Hydralisk x10  
  174  14:00  Hydralisk x5  
  196  14:13  Hydralisk x2  
  196  14:14  Hydralisk x11  
  198  14:31  Hydralisk  
  198  14:38  Spire  
  197  14:48  Drone  
  197  14:49  Drone x2  
  200  14:57  Hatchery  
Show
View Real Time Build Order
Export as new Build Order

knuttie Terran 

Build Orders: 2 Factory 

Get SALT Encoding   

  12  0:01  SCV  
  13  0:13  SCV  
  14  0:17  Supply Depot  
  14  0:25  SCV  
  15  0:39  SCV  
  15  0:41  Barracks  
  16  0:55  SCV  
  17  0:59  Refinery  
  17  1:14  SCV  
  18  1:27  Orbital Command  
  18  1:39  Command Center  
  18  1:46  Supply Depot  
  18  1:50  Barracks Reactor  
  18  1:55  Refinery  
  18  1:59  SCV  
  19  2:11  SCV  
  20  2:23  SCV  
  20  2:26  Factory, Marine x2  
  23  2:35  SCV  
  24  2:51  Marine x2  
  26  3:02  SCV  
  27  3:08  Factory  
  27  3:11  Engineering Bay  
  27  3:14  SCV  
  27  3:16  Armory  
  28  3:24  Hellion  
  28  3:26  SCV  
  31  3:28  Hellion  
  31  3:33  SCV  
  32  3:38  SCV  
  33  3:44  Planetary Fortress  
  33  3:48  Hellion  
  37  3:55  Hellion  
  37  3:56  Factory Tech Lab  
  37  3:59  SCV  
  38  4:11  SCV, Hellion  
  38  4:14  Terran Vehicle Weapons Level 1  
  38  4:16  Cyclone  
  44  4:21  Hellion  
  46  4:37  Supply Depot  
  46  4:38  Supply Depot  
  46  4:56  Factory  
  46  4:58  Smart Servos  
  46  4:59  SCV x2, Hellion  
  50  5:05  Hellion x2  
  54  5:11  SCV x2  
  56  5:21  Hellion  
  58  5:26  Hellion  
  58  5:27  SCV x2  
  62  5:37  Refinery  
  62  6:01  Factory Tech Lab  
  62  6:13  Supply Depot  
  62  6:14  Supply Depot  
  62  6:17  Factory, Infernal Pre-Igniter  
  62  6:31  Refinery  
  62  6:33  Supply Depot  
  62  6:34  Supply Depot  
  62  6:35  SCV x2, Hellion x2, Cyclone x2  
  74  6:47  SCV  
  74  6:48  SCV  
  72  6:59  SCV  
  73  7:07  Cyclone  
  73  7:08  Cyclone  
  79  7:14  Factory Tech Lab  
  79  7:25  SCV x2  
  81  7:33  Terran Vehicle Weapons Level 2  
  81  7:35  Mag-Field Accelerator  
  81  7:36  Command Center  
  81  7:37  SCV  
  81  7:39  Cyclone x2  
  81  7:40  Cyclone  
  81  7:44  Hellion  
  93  8:28  Supply Depot  
  93  8:29  Supply Depot  
  93  8:30  Supply Depot  
  93  8:32  Supply Depot  
  93  8:33  Supply Depot  
  93  8:34  Supply Depot  
  93  8:36  Supply Depot  
  93  8:40  SCV  
  94  8:48  SCV, Siege Tank x3  
  104  8:52  SCV  
  105  8:56  Hellion  
  105  8:57  Hellion  
  109  9:05  Refinery  
  109  9:08  Planetary Fortress  
  109  9:09  SCV x2  
  111  9:20  Siege Tank x3  
  111  9:23  Armory  
  120  9:26  Refinery, SCV x2  
  122  9:38  SCV x2  
  124  9:50  SCV  
  124  9:52  Siege Tank x2  
  97  10:09  Siege Tank  
  97  10:13  SCV  
  97  10:14  SCV x2  
  103  10:16  Terran Vehicle Weapons Level 3  
  103  10:17  Terran Vehicle And Ship Armor Level 1  
  103  10:24  Siege Tank  
  103  10:25  SCV  
  103  10:26  SCV x2  
  109  10:30  Siege Tank  
  94  11:00  Cyclone x2  
  94  11:03  Cyclone  
  103  11:07  SCV x3  
  106  11:19  SCV x3  
  109  11:31  SCV x2  
  109  11:32  SCV, Cyclone x2  
  106  11:35  Cyclone  
  103  11:40  Command Center  
  103  11:43  SCV  
  103  11:44  SCV  
  103  11:45  SCV  
  106  11:50  Factory  
  106  11:55  SCV  
  106  11:56  Factory, SCV  
  106  12:00  Starport  
  108  12:02  Hellion x2  
  108  12:04  Cyclone x2  
  108  12:07  Cyclone  
  119  12:23  Hellion  
  119  12:24  Hellion  
  117  12:36  Cyclone x2  
  123  12:39  Hellion  
  123  12:42  SCV x2  
  123  12:43  SCV  
  128  12:44  Factory Tech Lab  
  128  12:45  Factory Tech Lab, Hellion x2  
  132  13:00  Cyclone  
  133  13:06  Planetary Fortress  
  133  13:08  SCV x3, Cyclone x2  
  142  13:13  Siege Tank  
  145  13:20  SCV  
  146  13:32  Siege Tank  
  143  13:40  Siege Tank  
  132  14:16  Cyclone x5  
  141  14:17  SCV x3  
  144  14:29  SCV  
  145  14:45  Command Center  
  135  14:48  Cyclone x4  
  135  14:49  Cyclone  
  150  14:54  Command Center  
Tags
 
Add a new tag
Caveats
  • Supply blocks, unpowered buildings, or Contaminate may cause inaccurate times.
  • Supply counts are checked every 10 seconds.